 Dungeon Crawl Stone Soup version 0.26.0-16-gc1dbca0489 (webtiles) character file.

Game seed: 6669692421860528883

53 kaeus the Skirmisher (level 3, -2/43 HPs)
             Began as a Demonspawn Berserker on Jan 19, 2021.
             Was a Follower of Trog.
             Slain by Purgy (3 damage)
             ... in a sewer.
             The game lasted 00:02:49 (1869 turns).

kaeus the Skirmisher (Demonspawn Berserker)         Turns: 1869, Time: 00:02:49

Health: -2/43      AC:  2    Str: 18    XL:     3   Next: 64%
Magic:  0/3        EV: 12    Int:  8    God:    Trog [*.....]
Gold:   84         SH:  0    Dex: 12    Spells: 2/2 levels left

rFire    . . .     SeeInvis .   a - +0 hand axe
rCold    . . .     Faith    .   (no shield)
rNeg     . . .     Spirit   +   b - +0 animal skin
rPois    .         Reflect  .   (no helmet)
rElec    .         Harm     .   (no cloak)
rCorr    .         Rampage  .   (no gloves)
Will     .....                  (no boots)
Stlth    ..........             (no amulet)
HPRegen  0.14/turn              (no ring)
MPRegen  0.08/turn              (no ring)

@: berserking, very quick
A: magic shield
a: Renounce Religion, Berserk


You were in a sewer.
You worshipped Trog.
Trog was aware of your devotion.
You visited 1 branch of the dungeon, and saw 3 of its levels.
You also visited: Sewer.

You collected 84 gold pieces.

Inventory:

Hand Weapons
 a - a +0 hand axe (weapon)
Armour
 b - a +0 animal skin (worn)
Scrolls
 f - a scroll of noise {unknown}
 h - 2 scrolls of identify {unknown}
 i - 2 scrolls of remove curse {unknown}
 j - a scroll of random uselessness {unknown}
Potions
 c - 2 potions of curing {unknown}
 d - a potion of might {unknown}
 e - a potion of heal wounds {unknown}
 g - a potion of ambrosia {unknown}
 k - a potion of degeneration {unknown}
 l - 2 potions of attraction {unknown}
 m - a potion of invisibility {unknown}


   Skills:
 + Level 3.4 Fighting
 + Level 3.1 Axes
 + Level 2.3 Armour
 + Level 2.4 Dodging


You had 2 spell levels left.
You didn't know any spells.
Your spell library was empty.

Dungeon Overview and Level Annotations

Branches:
Dungeon (2/15)              Sewer (1/1)

Altars:

Annotations:
Sewer Purgy


Innate Abilities, Weirdness & Mutations

When hurt, damage is shared between your health and your magic reserves.


Message History

Purgy claws you but does no damage.
You hit Purgy.
Purgy is almost dead.
Purgy barely misses you. Purgy claws you.
* * * LOW HITPOINT WARNING * * *
Purgy closely misses you.
You barely miss Purgy.
Purgy is severely wounded.
Purgy bites you.
* * * LOW HITPOINT WARNING * * *
Purgy claws you.
* * * LOW HITPOINT WARNING * * *
Purgy barely misses you.
You are too berserk!
You barely miss Purgy.
Purgy is severely wounded.
You closely miss Purgy.
Purgy is severely wounded.
Purgy bites you.
You die...

#####################
#.##.##[##.##.##.##.#
#.##.##.##.##.##.##.#
#'##'##'##'##'##(##'#
###...................##
≈≈≈≈≈#≈≈≈≈≈≈≈≈≈.≈≈≈≈≈≈≈≈≈#≈
≈≈≈≈≈#≈≈≈≈≈≈≈≈≈∩≈≈≈≈≈≈≈≈≈#≈
≈≈≈≈≈#≈≈≈≈≈≈≈≈≈.≈≈≈≈≈≈≈≈≈#≈
######....@..............##
#+##T##'##.##'##'##'# #.
#.##.##.##÷##(# #[
#.##∩##.##.##.# ##
###############


You could see Purgy.

Vanquished Creatures
  An adder (D:2)
  2 dart slugs
  2 leopard geckos
  5 bats (D:1)
  4 giant cockroaches
  2 goblins (D:2)
  3 hobgoblins
  3 jackals (D:2)
  5 kobolds
  2 frilled lizards
  7 rats
36 creatures vanquished.

Notes
Turn   | Place    | Note
-------+----------+-------------------------------------------
     0 | D:1      | kaeus the Demonspawn Berserker began the quest for the Orb.
     0 | D:1      | Reached XP level 1. HP: 18/18 MP: 1/1
   314 | D:1      | Gained mutation: When hurt, damage is shared between your
                  | health and your magic reserves. [demonic ancestry]
   314 | D:1      | Reached XP level 2. HP: 24/24 MP: 2/2
   811 | D:2      | Reached XP level 3. HP: 8/29 MP: 3/3
  1343 | D:2      | Found a faded altar of an unknown god.
  1374 | D:2      | You fall into a shaft and drop 1 floor!
  1395 | D:3      | Found a glowing drain.
  1420 | Sewer    | Entered a sewer
  1855 | Sewer    | Noticed Purgy
  1867 | Sewer    | HP: 2/43 [Purgy (2)]
  1869 | Sewer    | Slain by Purgy

Illustrated notes

Levels and vault maps discovered:
D:1:      mushboom_english_gardens, layout_basic, roderic_st_hans_cross
D:2:      layout_rooms, chequers_ecumenical_altar_island
D:3:      layout_loops_corners, gup_sewer_entry_glass
Sewer:    kennysheep_door_sewer

Skill      XL: |  1  2 |
---------------+-------+-----
Dodging        | 2 |  2.4
Armour         | 2 |  2.3
Axes           | 3 |  3.1
Fighting       | |  3.4

Action                   || total
-------------------------++-------
Melee: Hand axe          ||   141
Invok: Berserk           ||     1
 Stab: Sleeping          ||     3
Armor: Animal skin       ||    33
Dodge: Dodged            ||   126
